 Dungeon Crawl Stone Soup version 0.29-a0-451-gfbfa42419e (webtiles) character file.

Game seed: 8597135423592101962

31 acebull12 the Poker (level 3, -1/29 HPs)
             Began as a Human Monk on May 20, 2022.
             Slain by a gnoll
             ... wielding a +0 mace
              (9 damage)
             ... on level 2 of the Dungeon.
             The game lasted 00:02:40 (1461 turns).

acebull12 the Poker (Human Monk)                    Turns: 1461, Time: 00:02:41

Health: -1/29      AC:  6    Str: 13    XL:     3   Next: 40%
Magic:  3/3        EV: 11    Int: 10    God:
Gold:   44         SH:  0    Dex: 15    Spells: 2/2 levels left

rFire   . . .      SeeInvis .   a - +0 spear
rCold   . . .      Faith    .   (no shield)
rNeg    . . .      Spirit   .   h - +0 ring mail
rPois   .          Reflect  .   (no helmet)
rElec   .          Harm     .   (no cloak)
rCorr   .          Rampage  .   e - +0 pair of gloves
Will    .....                   (no boots)
Stlth   +.........              (no amulet)
HPRegen 0.09/turn               (no ring)
MPRegen 0.08/turn               (no ring)

@: no status effects
A: no striking features
a: no special abilities


You were on level 2 of the Dungeon.
You visited 1 branch of the dungeon, and saw 2 of its levels.

You collected 44 gold pieces.

Inventory:

Hand Weapons
 a - a +0 spear (weapon)
Armour
 b - a +0 robe
 e - a +0 pair of gloves (worn)
 h - a +0 ring mail (worn)
 j - a +0 leather armour
Scrolls
 f - a scroll of teleportation {unknown}
Potions
 c - a potion of ambrosia
 d - a potion of invisibility {unknown}
 g - 4 potions of attraction {unknown}
 i - a potion of curing {unknown}


   Skills:
 * Level 3.4 Fighting
 * Level 3.6 Polearms
 + Level 3.1 Dodging
 + Level 2.2 Stealth


You had 2 spell levels left.
You didn't know any spells.
Your spell library was empty.

Dungeon Overview and Level Annotations

Branches:
Dungeon (2/15)

Altars:


Message History

You barely miss the rat. The rat bites you but does no damage.
You closely miss the rat. You hit the rat.
You kill the rat!
No target in view!
A gnoll comes into view. It is wielding a +0 mace.
The gnoll shouts!
You hear an angry hiss.
You reach to attack!
You hit the gnoll but do no damage. You hit the gnoll.
The gnoll is lightly wounded.
The gnoll completely misses you.
You closely miss the gnoll.
The gnoll is lightly wounded.
A gnoll comes into view. It is wielding a +0 whip.
The gnoll hits you with a +0 mace.
You barely miss the gnoll.
The gnoll is lightly wounded.
The gnoll shouts!
You hear an angry hiss.
The gnoll misses you.
A gnoll comes into view. It is wielding a +0 flail.
You closely miss the gnoll.
The gnoll is lightly wounded.
The gnoll hits you with a +0 mace!
The gnoll shouts!
You hit the gnoll.
The gnoll is moderately wounded.
The gnoll hits you with a +0 mace!
You hit the gnoll.
The gnoll is heavily wounded.
The gnoll closely misses you.
A gnoll comes into view. It is wielding a +0 hunting sling.
The gnoll attacks as you move away! The gnoll barely misses you.
The gnoll attacks as you move away! The gnoll completely misses you.
The gnoll shouts!
The gnoll attacks as you move away! The gnoll closely misses you.
The gnoll hits you with a +0 mace.
The gnoll shoots a sling bullet.
The sling bullet hits you.
* * * LOW HITPOINT WARNING * * *
The gnoll attacks as you move away! The gnoll hits you with a +0 mace!
You die...

##..........##
#............# ##
#............#
...#............#
#.###.......<..##
###.#
##...##...##
#...####...######
##.........##
##.!...gg@..#
#.......g..^#
#######
#.#.>.......#
##.....#
#............
##....$..
#.g#.#####...#
#........ #.##.#
...# #........
... ..# ...#
#........ .....>.
...###........
... ###
....#........


You could see 4 gnolls.

Vanquished Creatures
  A worm (D:2)
  2 ball pythons (D:1)
  2 endoplasms (D:1)
  3 giant cockroaches (D:1)
  4 hobgoblins
  2 quokkas (D:1)
  2 bats (D:1)
  A frilled lizard (D:1)
  2 goblins (D:1)
  3 kobolds
  5 rats
27 creatures vanquished.

Notes
Turn   | Place    | Note
-------+----------+-------------------------------------------
     0 | D:1      | acebull12 the Human Monk began the quest for the Orb.
     0 | D:1      | Reached XP level 1. HP: 18/18 MP: 1/1
   302 | D:1      | Reached XP level 2. HP: 24/24 MP: 2/2
   881 | D:1      | Reached XP level 3. HP: 29/29 MP: 3/3
  1461 | D:2      | Slain by a gnoll

Illustrated notes

Levels and vault maps discovered:
D:1:      tarquinn_simple_flora_water_e, layout_basic
D:2:      layout_rooms, shapermc_ecumenical_altar_acropolis

Action                   || total
-------------------------++-------
Melee: Spear             ||   132
 Stab: Sleeping          ||     5
Armor: Robe              ||     9
       Ring mail         ||    13
Dodge: Dodged            ||    63

Table legend: (Time is in decaauts)
 A = Elapsed time spent in this place.
 B = Non-inter-level travel time spent in this place.
 C = Inter-level travel time spent in this place.
 D = Time resting spent in this place.
 E = Time spent auto-exploring this place.
 F = Levels seen in this place.
 G = Mean time per level.
                   A        B        C        D        E       F      G
               +--------+--------+--------+--------+--------+-----+--------+
         Total |   1453 |   1405 |     48 |    209 |    909 |   2 |  726.5 |
       Dungeon |   1453 |   1405 |     48 |    209 |    909 |   2 |  726.5 |
               +--------+--------+--------+--------+--------+-----+--------+

Top non-repeatable levels by time:
     D:1: 1322 daAuts
     D:2: 131 daAuts
